 Dungeon Crawl Stone Soup version 0.31.0-11-ge490571c62 (console) character file.

Game seed: 18394678029035752103

166 jejorda2 the Ruffian (level 5, -14/38 HPs)
             Began as a Draconian Berserker on Feb 4, 2024.
             Was a Believer of Trog.
             Killed from afar by a hellephant (48 damage)
             ... with a blast of flame
             ... on level 1 of the Abyss.
             The game lasted 00:03:59 (1815 turns).

jejorda2 the Ruffian (Draconian Berserker)          Turns: 1815, Time: 00:04:00

Health: -14/38     AC:  7    Str: 22    XL:     5   Next: 22%
Magic:  5/5        EV: 16    Int:  7    God:    Trog [**....]
Gold:   55         SH:  0    Dex: 10    Spells: 4/4 levels left

rFire   . .          .
                       - Unarmed
rCold   . . .        (shield currently unavailable)
rNeg    . . .        (body armour unavailable)
rPois   .            (helmet restricted)
rElec   .            e - +0 cloak
rCorr   .            j - +0 pair of gloves
SInv    .            (no boots)
Will    ++...        (no amulet) Stlth
                     (no ring)
HPRegen 1.26/turn    (no ring)
MPRegen 0.09/turn

%: no passive effects
@: berserking (expiring), flux-form, strong-willed, regenerating, glowing, very
quick
A: glow, contaminating, reduced hp, AC +5, unfitting armour, cold-blooded
a: Begin Untransformation, Renounce Religion, Berserk, Trog's Hand


You were on level 1 of the Abyss.
You worshipped Trog.
Trog was pleased with you.
You were something dangerously unstable.
You visited 1 branch of the dungeon, and saw 3 of its levels.
You visited the Abyss 1 time.

You collected 77 gold pieces.
You spent 22 gold pieces at shops.

Inventory:

Armour
 e - a +0 cloak (worn)
 j - a +0 pair of gloves (worn)
Jewellery
 n - a ring of fire
Talismans
 d - a flux talisman (active)
Scrolls
 a - 5 scrolls of identify
 b - 3 scrolls of teleportation {unknown}
 c - a scroll of poison {unknown}
 g - a scroll of blinking {unknown}
 i - a scroll of enchant armour {unknown}
 m - a scroll of noise {unknown}
Potions
 f - a potion of haste {unknown}
 h - a potion of cancellation {unknown}
 k - a potion of curing {unknown}
 l - 2 potions of mutation {unknown}


   Skills:
 - Level 4.1 Fighting
 - Level 2.6 Dodging
 + Level 4.5 Unarmed Combat
 * Level 2.5 Shapeshifting


You had 4 spell levels left.
You didn't know any spells.
Your spell library was empty.

Dungeon Overview and Level Annotations

Branches:
Dungeon (3/15)

Altars:

Shops:
D:2 ?

Annotations:
D:3 Robin


Innate Abilities, Weirdness & Mutations

You are something dangerously unstable.
You glow with magical radiation, making you easy to see and hit.
Foes you strike become dangerously contaminated with magical radiation.
Your maximum health is decreased, since you lack skill for your form.
You are incapable of wielding weapons or throwing items.
Your plain brown scales are hard. (AC +5)
You cannot fit into any form of body armour.
You are cold-blooded and may be slowed by cold attacks.


Message History

The hellephant is lightly wounded.
You hit the hellephant.
The hellephant begins to glow.
You tail-slap the hellephant.
The hellephant is lightly wounded.
The hellephant tramples you.
You stumble backwards!
You hit the hellephant.
The hellephant glows dangerously bright.
You tail-slap the hellephant.
The hellephant is moderately wounded.
The hellephant tramples you!
You stumble backwards!
Found a gateway leading deeper into the Abyss.
You barely miss the hellephant.
The hellephant is lightly wounded.
You hit the hellephant but do no damage.
The hellephant shudders as magic cascades through it.
The hellephant twists and deforms.
Your tail-slap misses the hellephant.
The hellephant is moderately wounded.
The hellephant tramples you but does no damage.
The hellephant completely misses you.
The hellephant gores you but does no damage.
You punch the hellephant!
The hellephant begins to glow.
You tail-slap the hellephant.
The hellephant is moderately wounded.
The hellephant blinks!
You feel a strong urge to attack something.
The hellephant barely misses you.
The hellephant bites you but does no damage.
The hellephant completely misses you.
You hit the hellephant but do no damage.
The hellephant glows dangerously bright.
The hellephant is moderately wounded.
You hit the hellephant.
The hellephant shudders as magic cascades through it.
The hellephant twists and deforms.
You tail-slap the hellephant.
The hellephant is moderately wounded.
The hellephant blinks!
The hellephant breathes flames at you. The blast of flame hits you!!!
Ouch! That really hurt!
You die...

# .. #.# .#.. #.# ##
. ..#.###.# #.#.# #
.##....Y.# .#.. ....
......#..##.#.#.#....
..>. #...#.##.#....#
#....#.............
..........p...#..# .#
#..##.......##..# ..
##......#. ..#.#..
#.#.#..........#
#..#..#..##...#
..#...##.# .#.
#.#..#..#.##.. . .
.#......#... . # # ..
# ...# ...#


You could see a hellephant (catching breath, misshapen).

Vanquished Creatures
  Crazy Yiuf (D:3)
  2 orc wizards (D:3)
  2 adders
  3 orcs (D:3)
  4 endoplasms
  3 giant cockroaches (D:1)
  9 goblins
  8 hobgoblins
  7 kobolds
  3 quokkas
  5 ball pythons
  8 bats
  4 frilled lizards (D:1)
  2 rats (D:2)
61 creatures vanquished.

Notes
Turn   | Place    | Note
-------+----------+-------------------------------------------
     0 | D:1      | jejorda2 the Draconian Berserker began the quest for the
                  | Orb.
     0 | D:1      | Reached XP level 1. HP: 19/19 MP: 1/1
   145 | D:1      | Reached XP level 2. HP: 20/26 MP: 2/2
   581 | D:2      | Found Toxkol's Magic Scroll Emporium.
   589 | D:2      | Reached XP level 3. HP: 32/33 MP: 3/3
   600 | D:2      | Bought a scroll of identify for 22 gold pieces
   620 | D:2      | Reached ** piety under Trog
  1470 | D:3      | Found a runed translucent door.
  1471 | D:3      | Noticed Crazy Yiuf
  1477 | D:3      | Killed Crazy Yiuf
  1478 | D:3      | Reached skill level 1 in Shapeshifting
  1478 | D:3      | Reached XP level 4. HP: 40/40 MP: 4/4
  1604 | D:3      | Reached XP level 5. HP: 46/46 MP: 5/5
  1763 | D:3      | Identified the amulet "Yloutomu" {Spirit +Blink rElec rF+
                  | rC-}
  1774 | D:3      | Noticed Robin
  1787 | Abyss:1  | Cast into level 1 of the Abyss (Robin)
  1800 | Abyss:1  | Noticed a hellephant
  1815 | Abyss:1  | Killed from afar by a hellephant

Illustrated notes

Levels and vault maps discovered:
D:1:      tarquinn_simple_flora_water_a, layout_rooms
D:2:      layout_loops_ring, serial_shops, shop
D:3:      layout_loops_corners, lemuel_coloured_pillars_altar,
          minmay_three_crescents, uniq_robin, uniq_crazy_yiuf_cottage,
          uniq_terence
Abyss:1:  base:
D:2

Skill      XL: |  1  2  3  4 |
---------------+-------------+-----
Unarmed Combat | 4 |  4.5
Fighting       | 4 |  4.1
Shapeshifting  | 1 2 |  2.5
Dodging        | |  2.6

Action                     |  1- 3 |  4- 6 || total
---------------------------+-------+-------++-------
  Melee: Unarmed           |   116 |    51 ||   167
         Tailslap          |    10 |    10 ||    20
 Invoke: Berserk           |     2 |     2 ||     4
         Trog's Hand       |       |     2 ||     2
   Stab: Sleeping          |     1 |     1 ||     2
 Armour: Skin              |    50 |    31 ||    81
  Dodge: Dodged            |    57 |    35 ||    92
   Form: Flux              |       |     1 ||     1
